 Dungeon Crawl Stone Soup version 0.26.1-11-gd32895ea62 (webtiles) character file.

Game seed: 12783674629704480271

25 promet the Insei (level 3, -5/23 HPs)
             Began as an Octopode Transmuter on July 4, 2021.
             Slain by a hobgoblin
             ... wielding a +0 club
              (6 damage)
             ... on level 1 of the Dungeon.
             The game lasted 00:03:33 (653 turns).

promet the Insei (Octopode Transmuter)               Turns: 653, Time: 00:03:34

Health: -5/23      AC:  1    Str: 10    XL:     3   Next: 6%
Magic:  5/6        EV: 13    Int: 15    God:
Gold:   15         SH:  0    Dex: 12    Spells: 3/6 levels left

rFire    . . .     SeeInvis .   a - +0 dagger
rCold    . . .     Faith    .   (no shield)
rNeg     . . .     Spirit   .   (helmet currently unavailable)
rPois    .         Reflect  .   (no amulet)
rElec    .         Harm     .   (no ring)
rCorr    .         Rampage  .   (no ring)
Will     .....                  (no ring)
Stlth    ++........             (no ring)
HPRegen  0.07/turn              (no ring)
MPRegen  0.10/turn              (no ring)
                                (no ring)
                                (no ring)

@: appendages
A: almost no armour, stealthy swim, amphibious, 8 rings, constrict 8, tentacle
spike 3, camouflage 1, gelatinous body 1
a: End Transformation


You were on level 1 of the Dungeon.
One of your tentacles had a temporary spike.
You visited 1 branch of the dungeon, and saw 1 of its levels.

You collected 15 gold pieces.

Inventory:

Hand Weapons
 a - a +0 dagger (weapon)
 c - a +0 hunting sling
Missiles
 b - 4 stones


   Skills:
 * Level 1.5 Fighting
 + Level 2.1 Dodging
 + Level 3.4 Unarmed Combat
 + Level 2.2 Spellcasting
 + Level 2.2 Transmutations


You had 3 spell levels left.
You knew the following spells:

 Your Spells              Type           Power        Failure   Level
a - Beastly Appendage     Tmut           16%          9%          1
b - Wereblood             Tmut           8%           13%         2

Your spell library contained the following spells:

 Spells                   Type           Power        Failure   Level
 Spider Form              Tmut/Pois      2%           38%         3
 Ice Form                 Ice/Tmut       5%           80%         4
 Blade Hands              Tmut           4%           94%         5


Dungeon Overview and Level Annotations

Branches:
Dungeon (1/15)

Altars:


Innate Abilities, Weirdness & Mutations

You cannot wear most types of armour.
You are very stealthy in the water. (Stealth+)
You are amphibious.
You can wear up to eight rings at the same time.
You can use your tentacles to constrict eight enemies at once.
Your skin changes colour to match your surroundings (Stealth+).
Your rubbery body absorbs attacks. (AC +1, EV +1)
One of your tentacles bears a large vicious spike.


Message History

* * * LOW HITPOINT WARNING * * *
You hit the dart slug.
The dart slug is almost dead.
You constrict the dart slug. The goblin hits you with a +0 club.
* * * LOW HITPOINT WARNING * * *
You hit the dart slug.
You kill the dart slug!
The goblin barely misses you.
You have reached level 3!
Your experience leads to an increase in your attributes!
Increase (S)trength, (I)ntelligence, or (D)exterity?
You feel stronger.
You aren't carrying any potions.
You hit the hobgoblin but do no damage. You grab the hobgoblin.
You constrict the hobgoblin. The hobgoblin barely misses you.
Casting: Beastly Appendage (safe; 9% risk of failure)
Confirm with . or Enter, or press ? or * to list all spells.
One of your tentacles grows a vicious spike.
You constrict the hobgoblin. The hobgoblin hits you with a +0 club.
You die...

..## #..###### #..#
######.##
##.###......#
.#.##..###### #######
.#....#########.....#
....................#
.##.###########.....#
.##.## #.....# .##..#
##@#### .....##### #g#
....)....##.....g....#
.....###.............#
#..### ##..........#
#..# ##†# #........).#
#..## #†####
#..........# ##...####
#....## #......>...#
#.......# ####..#
############ #.......#


You could see a hobgoblin and a goblin.

Vanquished Creatures
  2 dart slugs (D:1)
  3 giant cockroaches (D:1)
  5 hobgoblins (D:1)
  4 jackals (D:1)
  A kobold (D:1)
  A goblin (D:1)
  2 rats (D:1)
18 creatures vanquished.

Notes
Turn   | Place    | Note
-------+----------+-------------------------------------------
     0 | D:1      | promet the Octopode Transmuter began the quest for the Orb.
     0 | D:1      | Reached XP level 1. HP: 13/13 MP: 3/3
   112 | D:1      | Reached XP level 2. HP: 8/18 MP: 3/5
   372 | D:1      | Learned a level 2 spell: Wereblood
   651 | D:1      | Reached XP level 3. HP: 1/23 MP: 6/6
   653 | D:1      | Slain by a hobgoblin

Illustrated notes

Levels and vault maps discovered:
D:1:      dpeg_arrival_ratfight, layout_rooms

Action                   || total
-------------------------++-------
Melee: Dagger            ||    40
       Constrict         ||    16
       Unarmed           ||     5
       Kick              ||     9
       Tentacles         ||     7
       Punch             ||     2
 Cast: Beastly Appendage ||     8
       Wereblood         ||     1
  Use: Scroll            ||     1
       Potion            ||     1
 Stab: Sleeping          ||     2
Armor: Skin              ||     2
Dodge: Dodged            ||    32
